 Dungeon Crawl Stone Soup version 0.28.0-1-gb440e238dd (webtiles) character file.

Game seed: 18287330491601795091

34 DrunkBamboolord the Gusty (level 3, -1/19 HPs)
             Began as a Tengu Air Elementalist on Feb 27, 2022.
             Frozen to death by an endoplasm (5 damage)
             ... on level 2 of the Dungeon.
             The game lasted 00:00:57 (702 turns).

DrunkBamboolord the Gusty (Tengu Air Elementalist)   Turns: 702, Time: 00:00:58

Health: -1/19      AC:  2    Str:  8    XL:     3   Next: 31%
Magic:  1/7        EV: 12    Int: 17    God:
Gold:   22         SH:  0    Dex: 14    Spells: 6/7 levels left

rFire   . . .      SeeInvis .   (no weapon)
rCold   . . .      Faith    .   (no shield)
rNeg    . . .      Spirit   .   a - +0 robe
rPois   .          Reflect  .   (helmet restricted)
rElec   .          Harm     .   (no cloak)
rCorr   .          Rampage  .   (no gloves)
Will    .....                   (boots unavailable)
Stlth   ++........              (no amulet)
HPRegen 0.06/turn               (no ring)
MPRegen 0.10/turn               (no ring)

@: very slightly contaminated, slowed, very slow
A: beak, talons 3
a: no special abilities


You were on level 2 of the Dungeon.
You visited 1 branch of the dungeon, and saw 2 of its levels.

You collected 22 gold pieces.

Inventory:

Armour
 a - a +0 robe (worn)
Scrolls
 b - a scroll of fog {unknown}
Potions
 c - a potion of invisibility {unknown}
 d - a potion of lignification {unknown}


   Skills:
 + Level 2.3 Dodging
 + Level 2.2 Stealth
 + Level 2.5 Spellcasting
 + Level 1.6 Conjurations
 + Level 4.8 Air Magic


You had 6 spell levels left.
You knew the following spells:

 Your Spells              Type           Power      Damage    Failure   Level
a - Shock                 Conj/Air       52%        1d6       4%          1

Your spell library contained the following spells:

 Spells                   Type           Power      Damage    Failure   Level
 Static Discharge         Conj/Air       13%        N/A       8%          2
 Swiftness                Air            18%        N/A       8%          3
 Airstrike                Air            9%         N/A       26%         4
 Frozen Ramparts          Ice            4%         1d2       50%         3
 Gell's Gravitas          Tloc           2%         N/A       50%         3
 Teleport Other           Tloc           2%         N/A       50%         3
 Ice Form                 Ice/Tmut       2%         N/A       88%         4
 Summon Ice Beast         Ice/Summ       2%         N/A       88%         4
 Dispersal                Tloc           1%         N/A       100%        6


Dungeon Overview and Level Annotations

Branches:
Dungeon (1/15)

Altars:


Innate Abilities, Weirdness & Mutations

You have a beak for a mouth.
You have claws for feet.


Message History

The zap misses Natasha. x2
Unknown command.
Aiming: Shock (safe; 6% risk of failure)
Press: ? - help, Q - select action Shift-Dir - straight line, f/p - Natasha
Aim: Natasha (moderately wounded, 60% to hit)
You miscast Shock.
Nothing appears to happen.
Natasha stares at you and mumbles some strange words.
You feel yourself slow down.
Aiming: Shock (safe; 6% risk of failure)
Press: ? - help, Q - select action Shift-Dir - straight line, f/p - Natasha
Aim: Natasha (moderately wounded, 60% to hit)
The zap hits Natasha.
Natasha is severely wounded.
The zap hits Natasha.
Natasha is almost dead.
Natasha closely misses you.
Natasha mumbles some strange words.
You barely miss Natasha.
Natasha is almost dead.
Natasha stares at you and mumbles some strange words.
You resist with significant effort.
You hit Natasha but do no damage. Your kick misses Natasha.
Natasha is almost dead.
Natasha claws you. The white imp spits at you. Natasha claws you.
You closely miss Natasha. You claw Natasha.
You kill Natasha!
Natasha yowls pathetically as she dies!
The white imp disappears in a puff of smoke!
The endoplasm hits you.
* * * LOW HITPOINT WARNING * * *
You have reached level 3!
Your experience leads to an increase in your attributes!
Increase (S)trength, (I)ntelligence, or (D)exterity?
You feel clever. x2
You see here the felid corpse of Natasha.
The endoplasm freezes you.
You are frozen.
You die...

..#
#.#
#.#
#.#
#.#
#.#
#.#
#J#
#@#
#...#
####.
.# .#
.# .#
.#


You could see an endoplasm.

Vanquished Creatures
  Natasha (D:2)
  An endoplasm (D:1)
  A giant cockroach (D:1)
  2 hobgoblins (D:1)
  2 jackals (D:1)
  A quokka (D:1)
  A ball python (D:1)
  A rat (D:1)
10 creatures vanquished.

Notes
Turn   | Place    | Note
-------+----------+-------------------------------------------
     0 | D:1      | DrunkBamboolord the Tengu Air Elementalist began the quest
                  | for the Orb.
     0 | D:1      | Reached XP level 1. HP: 10/10 MP: 4/4
   290 | D:1      | Reached XP level 2. HP: 15/15 MP: 1/6
   691 | D:1      | You fall into a shaft and drop 1 floor!
   691 | D:2      | Noticed Natasha
   700 | D:2      | Killed Natasha
   701 | D:2      | Reached XP level 3. HP: 4/19 MP: 1/7
   702 | D:2      | Frozen to death by an endoplasm

Illustrated notes

Levels and vault maps discovered:
D:1:      wheals_arrival_shading, layout_loops_ring
D:2:      layout_basic, minmay_misc_feat_cross, serial_bayou_pond_d,
          chequers_jeans, uniq_natasha, uniq_crazy_yiuf_cottage, uniq_jessica

Action                   || total
-------------------------++-------
Melee: Unarmed           ||     3
       Kick              ||     1
 Cast: Shock             ||    25
Dodge: Dodged            ||     9
